 Dungeon Crawl Stone Soup version 0.22-a0-512-g0943f25 (webtiles) character file.

26969 Amnesiac the Pandemonic (level 13, -12/93 HPs)
             Began as a Demonspawn Fighter on June 18, 2018.
             Was a High Priest of Makhleb.
             Killed from afar by a deep elf mage (25 damage)
             ... with a bolt of lightning
             ... on level 1 of the Elven Halls.
             The game lasted 00:35:56 (10647 turns).

Amnesiac the Pandemonic (Demonspawn Fighter)       Turns: 10647, Time: 00:35:57

Health: -12/93     AC: 17    Str: 27    XL:     13   Next: 1%
Magic:  27/27      EV: 12    Int: 10    God:    Makhleb [*****.]
Gold:   564        SH: 13    Dex: 12    Spells: 12/12 levels left

rFire    + . .     SeeInvis +     - Unarmed
rCold    + + .     Gourm    .   C - +2 shield of Resistance {rF+ rC+ MR+}
rNeg     + . .     Faith    .   J - +2 ring mail {rC+}
rPois    +         Spirit   .   (helmet restricted)
rElec    .         Reflect  .   g - +2 cloak {rPois}
rCorr    .         Harm     .   (no gloves)
MR       +....                  (no boots)
Stlth    ..........             (no amulet)
HPRegen  0.25/turn              B - +6 ring of protection
MPRegen  0.20/turn              x - ring of Trog's Envy {*Contam rPois rN+ Slay+5 SInv Stlth-}

@: mighty
A: claws 2, horns 1, talons 1, powered by pain 3, spiny 2
a: Minor Destruction, Lesser Servant of Makhleb, Major Destruction, Greater
Servant of Makhleb, Renounce Religion


You were on level 1 of the Elven Halls.
You worshipped Makhleb.
Makhleb was extremely pleased with you.
You were not hungry.

You visited 4 branches of the dungeon, and saw 14 of its levels.

You collected 1300 gold pieces.
You spent 736 gold pieces at shops.

Inventory:

Hand Weapons
 b - a +0 hand axe of flaming
Missiles
 p - 7 curare-tipped needles
Armour
 e - a +0 plate armour
 g - a +2 cloak of poison resistance (worn)
 C - the +2 shield of Resistance (worn) {rF+ rC+ MR+}
   (You bought it in a shop on level 2 of the Orcish Mines)

   It protects you from fire.
   It protects you from cold.
   It affects your resistance to hostile enchantments.
 J - a +2 ring mail of cold resistance (worn)
Jewellery
 x - the ring of Trog's Envy (right claw) {*Contam rPois rN+ Slay+5 SInv Stlth-}
   (You found it on level 7 of the Dungeon)

   [ring of loudness]

   It affects your accuracy and damage with ranged weapons and melee attacks
   (+5).
   It protects you from poison.
   It protects you from negative energy.
   It lets you see invisible.
   It causes magical contamination when unequipped.
   It makes you less stealthy.
 B - a +6 ring of protection (left claw)
Wands
 d - a wand of random effects (21)
 o - a wand of acid (7)
 y - a wand of digging (10)
 I - a wand of iceblast (8)
Scrolls
 h - 4 scrolls of teleportation {!r}
 j - 3 scrolls of enchant weapon {!r}
 k - 2 scrolls of immolation {!r}
 l - 5 scrolls of remove curse {!r}
 m - 3 scrolls of magic mapping {!r}
 z - 3 scrolls of blinking {!r}
 H - a scroll of identify {!r}
Potions
 a - 4 potions of flight {!q}
 i - 2 potions of magic {!q}
 n - 2 potions of mutation {!q}
 q - 2 potions of degeneration {!q, unknown}
 r - 5 potions of berserk rage {!q}
 t - 3 potions of might {!q}
 u - a potion of brilliance {!q, unknown}
 v - 2 potions of ambrosia {!q, unknown}
 w - 2 potions of lignification {!q}
 A - 3 potions of cancellation {!q}
 D - a potion of curing {!q}
Comestibles
 c - 8 chunks of flesh
 f - 27 rations


   Skills:
 - Level 6.0 Fighting
   Level 2.0 Polearms
 - Level 6.0 Armour
 - Level 6.0 Dodging
 - Level 6.0 Shields
 - Level 6.0 Unarmed Combat
 * Level 20.5 Invocations


You had 12 spell levels left.
You didn't know any spells.
Your spell library contained the following spells:

 Spells                   Type           Power        Failure   Level  Hunger
 Confuse                  Hex            #.......     99%         3    ####...
 Tukima's Dance           Hex            #.......     99%         3    ####...
 Ensorcelled Hibernation  Hex/Ice        #.....       95%         2    ###....
 Corona                   Hex            #......      86%         1    ##.....
 Dazzling Spray           Conj/Hex       #.....       99%         3    ####...


Dungeon Overview and Level Annotations

Branches:
Dungeon (10/15)            Temple (1/1) D:7             Orc (2/2) D:9
    Elf (1/3) Orc:2
   Lair: D:8-11

Altars:
Ashenzari
Cheibriados
Dithmenos
Elyvilon
Fedhas
Gozag
Hepliaklqana
Kikubaaqudgha
Makhleb
Nemelex Xobeh
Okawaru
Qazlal
Ru
Sif Muna
Trog
Uskayaw
Vehumet
Wu Jian
Xom
Yredelemnul
Zin
The Shining One
Beogh

Shops:
D:9 *   Orc:2 *([[?


Innate Abilities, Weirdness & Mutations

You have very sharp fingernails.
You have a pair of small horns on your head.
You have sharp toenails.
You are powered by pain.
You are mostly covered in sharp spines.


Message History

The deep elf mage casts a spell at you. The magic dart hits you!
Your cacodemon gestures at the deep elf mage.
The bolt of energy hits the deep elf mage.
The deep elf mage is blown up!
Makhleb accepts your kill.
You completely miss the deep elf mage.
The deep elf mage is heavily wounded.
You block the deep elf mage's attack.
Your cacodemon gestures at the deep elf mage.
The deep elf mage resists with significant effort.
You claw the deep elf mage!
The deep elf mage is heavily wounded.
The deep elf mage gestures wildly while chanting.
The deep elf mage conjures a globe of magical energy!
A battlesphere comes into view.
You scratch the deep elf mage. You claw the deep elf mage!
The deep elf mage is almost dead.
The deep elf mage misses you.
The deep elf mage dies!
Makhleb accepts your kill.
You have reached level 13!
A battlesphere is nearby!
A battlesphere is nearby!
You claw the battlesphere!
You destroy the battlesphere!
No target in view!
No target in view!
No target in view!
You butcher the elf corpse.
c - 8 chunks of flesh (gained 2)
You see here a long sword. x2
t - 3 potions of might {!q} (gained 1)
Items here: ))) [ †† A fire elemental comes into view.
A fire elemental is nearby!
A fire elemental is nearby!
A fire elemental is nearby!
A deep elf mage comes into view. It is wielding a long sword.
The fire elemental hits you. The fire elemental burns you! You resist.
You see here a short sword.
You scratch the fire elemental. You claw the fire elemental.
The fire elemental is almost destroyed.
The fire elemental completely misses you.
A deep elf mage comes into view. It is wielding a dagger.
The fire elemental barely misses you.
The fire elemental is destroyed!
Makhleb accepts your kill.
You swap places.
You barely miss the deep elf mage.
You claw the deep elf mage, but do no damage.
The deep elf mage points at you and mumbles some strange words.
The bolt of lightning hits you!
* * * LOW HITPOINT WARNING * * *
You focus on the pain.
You feel very mighty all of a sudden.
The bolt of lightning hits your cacodemon.
Your cacodemon resists.
You block the deep elf mage's attack.
You are too injured to fight recklessly!
You barely miss the deep elf mage.
The deep elf mage gestures at you while chanting.
The bolt of lightning hits you!
You die...

..# ## ..##.
##..... .##
..#...
..######.####
#.... ..[..
.......
#.:#.####.%.#
#.######
#..##..e##...#
#.# ####
#...e.@....# #.#
##...
#..##.2)..###.#
##.###
##..).##.#####.##
# #.)#.)........#
#..##))#######.##
# ....##%##
##.### #..#.#%.#
#####...
#.##.%#.#
.......... #.
#.##.# .#########


You could see 2 deep elf magi and a friendly cacodemon.

Vanquished Creatures
  Snorg (Orc:1)
  A deep elf high priest (Elf:1)
  Erolcha (D:9)
  Harold (Orc:1)
  2 hydras
  4 two-headed ogres
  The ghost of Amnesiac the Insei, a novice DsFi (D:7)
  An orc knight (Orc:2)
  2 orc sorcerers
  2 deep elf magi (Elf:1)
  A centaur zombie (D:8)
  Maurice (D:9)
  Psyche (D:9)
  A polar bear (D:9)
  2 hippogriffs
  Grinder (D:5)
  2 dream sheep (D:8)
  2 humans (D:9)
  9 yaks
  Eustachio (D:5)
  A hungry ghost (D:9)
  A warg (Orc:2)
  13 orc warriors
  3 ice beasts
  2 phantoms (D:9)
  4 sky beasts
  A hornet zombie (D:8)
  A black bear (D:8)
  9 ogres
  2 necrophages (D:8)
  4 centaurs
  8 bullfrogs
  4 big kobolds (D:8)
  A wyvern zombie (D:8)
  A water moccasin skeleton (D:8)
  3 scorpions
  2 troll zombies (D:9)
  18 wights
  6 killer bees (D:8)
  2 howler monkeys
  An electric eel (D:6)
  3 crimson imps
  2 bullfrog zombies
  2 jellies
  A centaur skeleton (D:4)
  8 hounds
  9 orc priests
  2 bullfrog skeletons
  3 iguanas
  22 orc wizards
  7 worker ants
  4 ogre zombies (D:9)
  2 hound zombies (D:8)
  A hound skeleton (D:8)
  4 gnolls (D:4)
  14 adders
  2 shadow imps
  2 white imps (D:9)
  An ooze (D:2)
  3 adder skeletons
  2 adder zombies
  A worm (D:3)
  3 dart slugs
  8 leopard geckos
  64 orcs
  6 ball pythons (D:4)
  7 bats
  5 giant cockroaches
  13 goblins
  7 hobgoblins
  8 jackals
  6 kobolds
  4 quokkas
  A ball python skeleton (D:4)
  4 frilled lizards
  A goblin skeleton (D:9)
  A goblin zombie (D:9)
  A hobgoblin skeleton (D:9)
  A hobgoblin zombie (D:9)
  2 jackal skeletons
  3 orc skeletons (D:9)
  11 orc zombies (D:9)
  A quokka skeleton (D:5)
  7 rats
383 creatures vanquished.

Vanquished Creatures (collateral kills)
  2 deep elf demonologists (Elf:1)
  An orc high priest (Orc:2)
  2 deep elf knights (Elf:1)
  10 deep elf magi (Elf:1)
  4 orc sorcerers (Orc:2)
  A troll (Orc:1)
  A fire elemental (Elf:1)
  A warg (Orc:1)
  6 orc warriors (Orc:2)
  An ogre (Orc:1)
  An earth elemental (Elf:1)
  8 orc priests (Orc:2)
  12 orc wizards
  3 orcs
53 creatures vanquished.

Vanquished Creatures (others)
  An orc (Orc:2)
  A hobgoblin skeleton (D:9)
2 creatures vanquished.

Grand Total: 438 creatures vanquished

Notes
Turn   | Place    | Note
-------+----------+-------------------------------------------
     0 | D:1      | Amnesiac the Demonspawn Fighter began the quest for the Orb.
     0 | D:1      | Reached XP level 1. HP: 18/18 MP: 1/1
    90 | D:1      | Reached skill level 1 in Dodging
   116 | D:1      | Gained mutation: You have sharp fingernails. [demonic ancestry]
   116 | D:1      | Reached XP level 2. HP: 23/24 MP: 2/2
   505 | D:3      | Noticed a wight
   505 | D:3      | Noticed a wight
   505 | D:3      | Noticed a wight
   603 | D:3      | Noticed a bullfrog
   658 | D:4      | Reached skill level 1 in Unarmed Combat
   658 | D:4      | Gained mutation: You have a pair of small horns on your head. [demonic ancestry]
   658 | D:4      | Reached XP level 3. HP: 22/29 MP: 3/3
   747 | D:4      | Noticed a scorpion
   751 | D:4      | Killed a scorpion
   751 | D:4      | Gained mutation: You sometimes gain a little power by taking damage. [demonic ancestry]
   751 | D:4      | Reached XP level 4. HP: 26/35 MP: 4/4
   796 | D:4      | Gained mutation: You have very sharp fingernails. [demonic ancestry]
   796 | D:4      | Reached XP level 5. HP: 14/41 MP: 5/5
   893 | D:4      | Noticed an ogre
  1188 | D:5      | Entered Level 5 of the Dungeon
  1235 | D:5      | Reached XP level 6. HP: 14/47 MP: 6/6
  1269 | D:5      | Noticed a sky beast
  1516 | D:5      | Noticed Grinder
  1516 | D:5      | Paralysed by Grinder for 7 turns
  1531 | D:5      | Reached skill level 5 in Unarmed Combat
  1545 | D:5      | Killed Grinder
  1570 | D:5      | Gained mutation: You sometimes gain power by taking damage. [demonic ancestry]
  1570 | D:5      | Reached XP level 7. HP: 26/52 MP: 7/7
  1624 | D:4      | Found a snail-covered altar of Cheibriados.
  1655 | D:4      | Found a stormy altar of Qazlal.
  1658 | D:4      | Found a white marble altar of Elyvilon.
  1659 | D:4      | Found a shadowy altar of Dithmenos.
  1660 | D:4      | Found a bloodstained altar of Trog.
  1661 | D:4      | Found a basalt altar of Yredelemnul.
  2343 | D:5      | Found a sparkling altar of Nemelex Xobeh.
  2433 | D:5      | Noticed Eustachio
  2477 | D:5      | HP: 4/81 [white imp/puff of frost[Eustachio] (8)]
  2751 | D:5      | Reached XP level 8. HP: 46/60 MP: 8/8
  2854 | D:5      | Killed Eustachio
  3304 | D:6      | Reached skill level 5 in Fighting
  4153 | D:7      | Found a runed door.
  4154 | D:7      | Noticed Amnesiac's ghost (novice DsFi)
  4170 | D:7      | Got a twitching glass ring
  4179 | D:7      | Found a staircase to the Ecumenical Temple.
  4189 | Temple   | Entered the Ecumenical Temple
  4226 | Temple   | Became a worshipper of Makhleb the Destroyer
  4248 | D:7      | Reached skill level 1 in Invocations
  4263 | D:7      | Reached skill level 2 in Invocations
  4416 | D:3      | Gained mutation: You are partially covered in sharp spines. [demonic ancestry]
  4416 | D:3      | Reached XP level 9. HP: 55/68 MP: 10/10
  4548 | D:2      | Reached * piety under Makhleb
  4668 | D:1      | Reached skill level 3 in Invocations
  4733 | D:1      | Reached skill level 5 in Shields
  5871 | D:7      | Noticed a two-headed ogre
  5871 | D:7      | Reached skill level 4 in Invocations
  6153 | D:8      | Reached skill level 5 in Dodging
  6158 | D:8      | Reached ** piety under Makhleb
  6158 | D:8      | Reached skill level 5 in Invocations
  6247 | D:7      | Reached skill level 6 in Invocations
  6363 | D:7      | Found a glowing silver altar of Zin.
  6448 | D:7      | Killed a two-headed ogre
  6448 | D:7      | Reached skill level 5 in Armour
  6448 | D:7      | Reached skill level 8 in Invocations
  6856 | D:7      | Identified the ring of Trog's Envy {*Contam rPois rN+ Slay+5 SInv Stlth-} (You found it on level 7 of the Dungeon)
  7005 | D:8      | Reached skill level 9 in Invocations
  7136 | D:8      | Gained mutation: You have sharp toenails. [demonic ancestry]
  7136 | D:8      | Reached XP level 10. HP: 76/76 MP: 17/17
  7288 | D:8      | Reached skill level 10 in Invocations
  7375 | D:8      | Reached skill level 11 in Invocations
  7403 | D:8      | Reached *** piety under Makhleb
  7770 | D:8      | Reached skill level 12 in Invocations
  7814 | D:8      | Noticed a three-headed hydra
  7822 | D:8      | Killed a one-headed hydra
  7889 | D:8      | You fall through a shaft for 2 floors!
  7889 | D:10     | Entered Level 10 of the Dungeon
  7928 | D:10     | Found a stormy altar of Qazlal.
  7982 | D:10     | Reached skill level 13 in Invocations
  7992 | D:10     | Gained mutation: You are mostly covered in sharp spines. [demonic ancestry]
  7992 | D:10     | Reached XP level 11. HP: 68/81 MP: 20/20
  8400 | D:7      | Killed Amnesiac's ghost
  8585 | D:9      | Reached **** piety under Makhleb
  8603 | D:9      | Noticed Maurice
  8612 | D:9      | Killed Maurice
  8612 | D:9      | Reached skill level 14 in Invocations
  8706 | D:9      | Found a staircase to the Orcish Mines.
  8751 | D:9      | Noticed Psyche
  8756 | D:9      | Killed Psyche
  8874 | D:9      | Found Rajiweaf's Assorted Antiques.
  8875 | D:9      | Noticed a five-headed hydra
  8881 | D:9      | Killed a one-headed hydra
  8881 | D:9      | Reached skill level 15 in Invocations
  8894 | D:9      | Bought a pink potion for 18 gold pieces
  8894 | D:9      | Bought a scroll labeled HAKLUANORA for 20 gold pieces
  8895 | D:9      | Found the +0 pair of fencer's gloves {+Riposte Dex+3}
  8924 | D:9      | Found an iron altar of Okawaru.
  8927 | D:9      | Noticed Erolcha
  8935 | D:9      | Killed Erolcha
  8979 | D:9      | Reached ***** piety under Makhleb
  9197 | Orc:1    | Entered Level 1 of the Orcish Mines
  9197 | Orc:1    | Noticed Snorg
  9204 | Orc:1    | Killed Snorg
  9204 | Orc:1    | Reached skill level 16 in Invocations
  9219 | Orc:1    | Noticed Harold
  9229 | Orc:1    | Killed Harold
  9335 | Orc:1    | Noticed an orc sorcerer
  9341 | Orc:1    | Killed an orc sorcerer
  9350 | Orc:1    | Found a roughly hewn altar of Beogh.
  9351 | Orc:1    | Noticed a two-headed ogre
  9369 | Orc:1    | Killed a two-headed ogre
  9369 | Orc:1    | Reached skill level 17 in Invocations
  9369 | Orc:1    | Gained mutation: You are powered by pain. [demonic ancestry]
  9369 | Orc:1    | Reached XP level 12. HP: 82/88 MP: 24/24
  9539 | Orc:2    | Entered Level 2 of the Orcish Mines
  9860 | Orc:2    | Found a staircase to the Elven Halls.
  9874 | Orc:2    | Found a roughly hewn altar of Beogh.
  9952 | Orc:2    | Noticed a two-headed ogre
  9956 | Orc:2    | Killed a two-headed ogre
  9956 | Orc:2    | Reached skill level 18 in Invocations
  9986 | Orc:2    | Noticed a two-headed ogre
  9995 | Orc:2    | Killed a two-headed ogre
 10008 | Orc:2    | Found Doydyc's Magic Scroll Shoppe.
 10130 | Orc:2    | Noticed an orc high priest
 10135 | Orc:2    | Killed an orc high priest
 10144 | Orc:2    | Reached skill level 19 in Invocations
 10156 | Orc:2    | Found Emenik's Armour Emporium.
 10156 | Orc:2    | Found Obylaaf's Assorted Antiques.
 10156 | Orc:2    | Found Nyah's Armour Emporium.
 10161 | Orc:2    | Found Weem's Antique Weapon Shoppe.
 10175 | Orc:2    | Bought the +2 shield of Resistance {rF+ rC+ MR+} for 698 gold pieces
 10175 | Orc:2    | Found the +2 shield of Resistance {rF+ rC+ MR+}
 10478 | Elf:1    | Entered Level 1 of the Elven Halls
 10478 | Elf:1    | Noticed a deep elf high priest
 10480 | Elf:1    | Noticed a green death
 10481 | Elf:1    | Noticed a deep elf demonologist
 10485 | Elf:1    | Killed a deep elf demonologist
 10489 | Elf:1    | Killed a deep elf high priest
 10499 | Elf:1    | Reached skill level 20 in Invocations
 10585 | Elf:1    | Noticed a deep elf demonologist
 10601 | Elf:1    | Noticed a green death
 10604 | Elf:1    | Killed a deep elf demonologist
 10635 | Elf:1    | Reached XP level 13. HP: 55/93 MP: 27/27
 10647 | Elf:1    | Killed from afar by a deep elf mage

Vault maps used:
D:1:      sevenhm_arrival_forest_fort_small_5, glass_columns_b, hex_large,
          minmay_misc_feat_encased
D:3:      skrybe_limestone_x, grunt_ministairs_8
D:4:      grunt_temple_overflow_open, nicolae_ossuary_entry_ruins,
          serial_bayou_pond_a, minmay_snake_closets
D:5:      first_ration, nemelex_xobeh_ov_fountains_minmay, uniq_eustachio,
          uniq_grinder
D:6:      st_stairs_1, chequers_big_river, serial_bayou_lagoon_a,
          minmay_misc_feat_diagonals
D:7:      nicolae_overflow_crystal_walls, minmay_temple_entry_glassed_door,
          gammafunk_ghost_grave
D:8:      serial_undead, serial_undead_d, serial_undead_a, serial_undead_d,
          serial_undead_d, hangedman_ranch
D:9:      okawaru_humans, zombieorc1_lemuel, serial_shops, shop, serial_ice,
          serial_ice_g, serial_ice_k, serial_ice_b, serial_ice_c, uniq_psyche,
          uniq_maurice, uniq_erolcha
D:10:     erik_lair_orcish_takeover, basic_altar
Temple:   nicolae_temple_great_sept
Orc:1:    basic_altar, uniq_harold, uniq_snorg
Orc:2:    st_orc_mages, serial_shops, shop, mines2_david
Elf:1:    minmay_elf_demonology, st_stairs_13, grunt_ministairs_4

Skill      XL: |  1  2  3  4  5  6  7  8  9 10 11 12 |
---------------+-------------------------------------+-----
Dodging        | 1 2 3 4 5 6 |  6.0
Polearms       | 2 |  2.0
Unarmed Combat | 1 2 3 4 5 6 |  6.0
Armour         | 3 4 5 6 |  6.0
Shields        | 3 4 5 6 |  6.0
Fighting       | 4 5 6 |  6.0
Invocations    | 2 9 13 17 20 | 20.5

Action                   |  1- 3 |  4- 6 |  7- 9 | 10-12 | 13-15 || total
-------------------------+-------+-------+-------+-------+-------++-------
Melee: Trident           |    64 |       |       |       |       ||    64
       Unarmed           |    46 |   113 |   395 |   478 |     4 ||  1036
       Headbutt          |     2 |    13 |    78 |    98 |       ||   191
       Kick              |       |       |       |   165 |     3 ||   168
       Hand axe          |       |       |       |    11 |       ||    11
Invok: Minor Destruction |       |       |     4 |    15 |       ||    19
       Greater Servant o |       |       |       |     4 |       ||     4
       Lesser Servant of |       |       |       |     1 |       ||     1
       Major Destruction |       |       |       |     8 |       ||     8
Evoke: Wand              |       |       |     6 |       |       ||     6
  Use: Potion            |     2 |     3 |     4 |       |       ||     9
       Scroll            |       |     7 |    10 |     4 |       ||    21
 Stab: Confused          |       |       |       |     1 |       ||     1
  Eat: Chunk             |       |     2 |    15 |    13 |       ||    30
       Ration            |       |       |     1 |       |       ||     1
Armor: Scale mail        |    37 |    40 |   120 |    94 |       ||   291
       Ring mail         |       |       |       |    71 |     1 ||    72
Dodge: Dodged            |    38 |    29 |   152 |   140 |     2 ||   361
Block: Shield            |    45 |    41 |   202 |   215 |     1 ||   504

Table legend:
 A = Spawn XP
 B = Non-spawn XP
 C = Spawn XP percentage of total XP
 D = Spawn monster count
 E = Non-spawn monster count
 F = Spawn count percentage of total count
 G = Total turns spent on level
                    A         B        C        D         E        F      G
               +---------+---------+-------+---------+---------+-------+---------
         Total |       0 |   38528 |   0.0 |       0 |     436 |   0.0 | 10647
               +---------+---------+-------+---------+---------+-------+---------
           D:1 |       0 |      46 |   0.0 |       0 |      24 |   0.0 |   769
           D:2 |       0 |      25 |   0.0 |       0 |      11 |   0.0 |   638
           D:3 |       0 |     317 |   0.0 |       0 |      28 |   0.0 |   490
           D:4 |       0 |     629 |   0.0 |       0 |      35 |   0.0 |  1532
           D:5 |       0 |    1161 |   0.0 |       0 |      24 |   0.0 |   992
           D:6 |       0 |     598 |   0.0 |       0 |      19 |   0.0 |  1228
           D:7 |       0 |    2332 |   0.0 |       0 |      24 |   0.0 |  1351
           D:8 |       0 |    5214 |   0.0 |       0 |      51 |   0.0 |  1183
           D:9 |       0 |    6213 |   0.0 |       0 |      65 |   0.0 |   804
          D:10 |       0 |    1605 |   0.0 |       0 |      14 |   0.0 |   162
         Orc:1 |       0 |    5057 |   0.0 |       0 |      44 |   0.0 |   602
         Orc:2 |       0 |    7009 |   0.0 |       0 |      78 |   0.0 |   679
         Elf:1 |       0 |    8322 |   0.0 |       0 |      19 |   0.0 |   169
               +---------+---------+-------+---------+---------+-------+---------
